 Dungeon Crawl Stone Soup version 0.12.2-19-gc1c9fca (console) character file.

364 minecraft the Insei (level 6, -2/38 HPs)
             Began as an Octopode Transmuter on Aug 23, 2013.
             Killed from afar by a hobgoblin (11 damage)
             ... with a wand of flame
             ... on Level 3 of the Dungeon.
             The game lasted 00:14:24 (3889 turns).

minecraft the Insei (Octopode Transmuter)           Turns: 3889, Time: 00:14:24

HP  -2/38        AC  1     Str  9      XL: 6   Next: 16%
MP   9/9         EV 12     Int 17      God:
Gold 107         SH  0     Dex 13      Spells:  2 memorised,  5 levels left

Res.Fire  : . . .   See Invis. : .     - Unarmed
Res.Cold  : . . .   Warding    : .   (no shield)
Life Prot.: . . .   Conserve   : .   (helmet restricted)
Res.Poison: .       Res.Corr.  : .   (no amulet)
Res.Elec. : .       Clarity    : .   (no ring)
Sust.Abil.: . .     Spirit.Shd : .   (no ring)
Res.Mut.  : .       Stasis     : .   (no ring)
Res.Rott. : .       Ctrl.Telep.: .   (no ring)
Saprovore : . . .   Flight     : .   (no ring)
                                     (no ring)
                                     (no ring)
                                     (no ring)

@: about to teleport, slightly resistant to hostile enchantments, fairly
stealthy
A: almost no armour, amphibious, 8 rings, constrict 8, camouflage 1, AC +1
a: no special abilities


You were on level 3 of the Dungeon.
You were not hungry.

You visited 1 branch of the dungeon, and saw 4 of its levels.

You collected 87 gold pieces.

Inventory:

Hand weapons
 j - a +1,+2 spear
 k - a +0,+0 short sword
 l - a +0,+0 dagger
 m - a +0,+0 mace
 y - a +0,+0 sling of frost
Missiles
 b - 12 arrows
 c - 13 darts (quivered)
 g - 14 poisoned needles
 s - 48 stones
Magical devices
 w - a wand of digging (13) {unknown}
Comestibles
 a - 2 bread rations
 n - a rotting chunk of giant eyeball flesh
 u - a rotting chunk of orc flesh
 z - 2 chunks of jackal flesh
 B - a chunk of rat flesh
 C - a chunk of goblin flesh
Scrolls
 e - 2 scrolls of noise {unknown}
 i - a scroll of enchant weapon I {unknown}
 p - 3 scrolls of identify
 q - a scroll of random uselessness {unknown}
 t - a scroll of remove curse {unknown}
 v - a scroll of enchant armour {unknown}
 x - a scroll of amnesia {unknown}
 A - a scroll of curse jewellery {unknown}
Potions
 h - a potion of slowing
 r - a potion of degeneration {unknown}
Books
 d - a book of Changes

   Spells                             Type                      Level
   *Beastly Appendage                 Transmutation                1
   Sticks to Snakes                   Transmutation                2
   *Spider Form                       Transmutation/Poison         3
   Ice Form                           Ice/Transmutation            4
   Blade Hands                        Transmutation                5


   Skills:
 - Level 1.0 Fighting
 + Level 2.0 Dodging
 * Level 5.5 Unarmed Combat
 - Level 2.0 Spellcasting
 - Level 3.1 Transmutations
 - Level 3.0 Poison Magic


You had 5 spell levels left.
You knew the following spells:

 Your Spells              Type           Power        Failure   Level  Hunger
a - Beastly Appendage     Trmt           ###....      6%          1    #......
b - Spider Form           Trmt/Pois      ###.......   17%         3    ####...


Dungeon Overview and Level Annotations

Branches:
Dungeon (4/27)
 Temple: D:4-7

Altars:
Ashenzari
Vehumet

Annotations
D:2 exclusion: 2 adders
D:3 Sigmund


Innate Abilities, Weirdness & Mutations

You cannot wear most types of armour.
You are amphibious.
You can wear up to eight rings at the same time.*
You can use your tentacles to constrict many enemies at once.*
Your skin changes colour to match your surroundings (Stlth).*
Your rubbery body absorbs attacks (AC +1).*


Message History

Read which item? (? for menu, Esc to quit)
As you read the scroll labeled CUAFFA SCHUKH, it crumbles to dust.
Use on which item? (\ to view known items) (? for menu, Esc to quit)
h - a potion of slowing It was a scroll of identify.
The hobgoblin misses you.
Sigmund mumbles some strange words.
Sigmund flickers and vanishes!
Deactivating autopickup; reactivate with Ctrl-A.
Drink which item? (? for menu, Esc to quit)
Okay, then.
Read which item? (? for menu, Esc to quit)
As you read the scroll labeled XITUUR PLUW, it crumbles to dust.
You feel strangely unstable.
It was a scroll of teleportation.
The hobgoblin hits you.
* * * LOW HITPOINT WARNING * * *
A jackal comes into view.
Drink which item? (? for menu, Esc to quit)
You feel better.
It was a potion of curing.
The hobgoblin zaps a wand.
The puff of flame hits you!
You die...

#.#.......<#.#
#.##.#...#.#.# ..h
#.##.......#.##...#
#.##########....>.
...........
....#.....
.........
...#._.#h#######
#.....g@......#
.....#.........#
#...............#
#.....##........#
#....# ###......#
#....# #.....)#
#....< +......#
+....# #......#
###### #....#
#......#


You could see 2 jackals and a hobgoblin.

Vanquished Creatures
  A giant frog skeleton (D:4)
  2 orc wizards (D:4)
  Terence (D:2)
  3 adders (D:4)
  A gnoll (D:1)
  A giant eyeball (D:4)
  2 giant geckos
  An ooze (D:3)
  5 orcs (D:4)
  4 giant cockroaches
  10 goblins
  4 hobgoblins
  6 jackals
  13 bats
  6 giant newts (D:1)
  9 kobolds
  7 rats
76 creatures vanquished.

Vanquished Creatures (others)
  An orc wizard (D:4)
1 creature vanquished.

Grand Total: 77 creatures vanquished

Notes
Turn   | Place    | Note
--------------------------------------------------------------
     0 | D:1      | minecraft, the Octopode Transmuter, began the quest for the Orb.
     0 | D:1      | Reached XP level 1. HP: 13/13 MP: 1/1
   340 | D:2      | Reached XP level 2. HP: 4/18 MP: 3/3
  1246 | D:1      | Reached XP level 3. HP: 21/23 MP: 4/4
  1251 | D:1      | Learned a level 3 spell: Spider Form
  1499 | D:1      | Reached skill level 1 in Poison Magic
  1671 | D:2      | Noticed Terence
  1712 | D:2      | Killed Terence
  1991 | D:3      | Noticed Sigmund
  2195 | D:2      | Reached XP level 4. HP: 23/28 MP: 6/6
  3075 | D:4      | Found a shattered altar of Ashenzari.
  3175 | D:4      | Reached skill level 4 in Unarmed Combat
  3175 | D:4      | Reached XP level 5. HP: 24/33 MP: 3/7
  3540 | D:4      | Paralysed by a giant eyeball for 2 turns
  3611 | D:4      | Reached skill level 5 in Unarmed Combat
  3631 | D:4      | Reached XP level 6. HP: 34/38 MP: 6/9
  3881 | D:3      | Found a radiant altar of Vehumet.
  3889 | D:3      | Killed from afar by a hobgoblin

Action                   |  1- 3 |  4- 6 || total
-------------------------+-------+-------++-------
Melee: Unarmed           |   109 |   106 ||   215
 Cast: Beastly Appendage |    12 |     1 ||    13
       Spider Form       |     3 |     7 ||    10
 Abil: End Transformatio |       |     5 ||     5
Evoke: Wand              |       |     1 ||     1
  Use: Potion            |       |     2 ||     2
       Scroll            |       |     2 ||     2
 Stab: Sleeping          |     4 |     2 ||     6
